 Dungeon Crawl Stone Soup version 0.31-a0-986-g5e6e4ef867 (webtiles) character file.

Game seed: 11162805312238862451

102 Ofeo the Trooper (level 4, -5/41 HPs)
             Began as a Draconian Brigand on Nov 23, 2023.
             Splashed by a jelly's acid (7 damage)
             ... on level 3 of the Dungeon.
             The game lasted 00:03:32 (3073 turns).

Ofeo the Trooper (Draconian Brigand)                Turns: 3073, Time: 00:03:33

Health: -5/41      AC: -5    Str: 14    XL:     4   Next: 50%
Magic:  4/4        EV: 11    Int: 11    God:
Gold:   141        SH:  0    Dex: 14    Spells: 3/3 levels left

rFire   . . .        m - +2 short sword (drain)
rCold   . . .        (no shield)
rNeg    . . .        (body armour unavailable)
rPois   .            (helmet restricted)
rElec   .            b - +0 cloak
rCorr   .            l - +0 pair of gloves
SInv    .            (no boots)
Will    .....        j - amulet of the acrobat
Stlth   ++           (no ring)
HPRegen 0.26/turn    (no ring)
MPRegen 0.09/turn

%: acrobat
@: corroded, studying Transmutations
A: AC +5, unfitting armour, cold-blooded
a: no special abilities


You were on level 3 of the Dungeon.
You visited 1 branch of the dungeon, and saw 3 of its levels.

You collected 141 gold pieces.

Inventory:

Hand Weapons
 a - a +2 dagger
 m - a +2 short sword of draining (weapon)
Missiles
 c - 9 poisoned darts (quivered)
 d - 3 curare-tipped darts
Armour
 b - a +0 cloak (worn)
 l - a +0 pair of gloves (worn)
Jewellery
 j - an amulet of the acrobat (around neck)
Talismans
 p - a maw talisman
Wands
 i - a wand of light (15)
Scrolls
 f - 2 scrolls of amnesia {unknown}
 h - a scroll of blinking {unknown}
 k - 2 scrolls of vulnerability
 n - a scroll of poison {unknown}
Potions
 e - a potion of enlightenment {unknown}
 g - 3 potions of curing {unknown}
 o - a potion of heal wounds {unknown}
 q - a potion of brilliance {unknown}
 r - a potion of experience {unknown}
 s - a potion of haste {@q3}


   Skills:
 - Level 4.3 Fighting
 - Level 2.0 Short Blades
 - Level 1.8 Throwing
 - Level 1.0 Dodging
 - Level 3.6 Stealth
 + Level 2.0 Shapeshifting


You had 3 spell levels left.
You didn't know any spells.
Your spell library contained the following spells:

 Spells                   Type           Power      Damage    Failure   Level
 Apportation              Tloc           0%         N/A       34%         1
 Necrotise                Necr           0%         1d4       34%         1
 Summon Small Mammal      Summ           0%         N/A       34%         1


Dungeon Overview and Level Annotations

Branches:
Dungeon (3/15)

Altars:
Ashenzari
Nemelex Xobeh
Ru
Zin


Innate Abilities, Weirdness & Mutations

Your plain brown scales are hard. (AC +5)
You cannot fit into any form of body armour.
You are cold-blooded and may be slowed by cold attacks.


Message History

Health restored: 41 The orc misses you.
You closely miss the orc.
Your tail-slap misses the orc.
The orc misses you.
You closely miss the orc. The orc barely misses you.
You hit the jelly.
Your hands burn!
You tail-slap the jelly.
The jelly is heavily wounded.
The orc barely misses you. The jelly hits you but does no damage.
You take 3 damage, and have 38/41 hp.
You barely miss the jelly.
The jelly is heavily wounded.
The orc hits you but does no damage. The jelly hits you. The acid corrodes you!
You are splashed with acid!
You take 9 damage, and have 29/41 hp.
MASSIVE DAMAGE!!
You hit the jelly but do no damage.
Your hands burn!
The jelly is heavily wounded.
The orc hits you but does no damage. The jelly barely misses you.
You take 5 damage, and have 24/41 hp.
You are too injured to fight recklessly!
You are too injured to fight recklessly!
You are too injured to fight recklessly!
You are too injured to fight recklessly!
You barely miss the orc. The orc barely misses you.
The jelly closely misses you.
You hit the jelly.
Your hands burn!
Your tail-slap misses the jelly.
The jelly is heavily wounded.
The orc hits you with a +0 trident.
You take 7 damage, and have 17/41 hp.
You hit the jelly but do no damage.
Your hands burn!
You tail-slap the jelly.
The jelly is severely wounded.
The jelly barely misses you.
You take 2 damage, and have 15/41 hp.
You hit the jelly. The acid corrodes you!
Your hands burn!
* * * LOW HITPOINT WARNING * * *
The jelly is severely wounded.
The orc hits you with a +0 trident!
* * * LOW HITPOINT WARNING * * *
The jelly hits you.
* * * LOW HITPOINT WARNING * * *
The acid corrodes you!
You are splashed with acid!
You die...

.. #. # # #. #####. ..
#.#. .....
##.#.#.#....
...........# ...#
#.....o#..#######...##
#.#J@#.......##....#
#.#............##....#
#........####..##..#.#
#.####......#..##..#.#
# #...._.#..##..#.#
##..?..#.....[#.#
#............#.#
#.####....).........#
#....))...##.###.###


You could see a jelly and an orc.

Vanquished Creatures
  An orc wizard (D:3)
  2 dart slugs
  7 orcs (D:3)
  7 endoplasms
  2 giant cockroaches
  6 goblins
  4 hobgoblins
  3 jackals
  5 ball pythons
  6 bats
  3 frilled lizards
  10 kobolds
  8 rats
64 creatures vanquished.

Notes
Turn   | Place    | Note
-------+----------+-------------------------------------------
     0 | D:1      | Ofeo the Draconian Brigand began the quest for the Orb.
     0 | D:1      | Reached XP level 1. HP: 17/17 MP: 1/1
    72 | D:1      | Reached skill level 1 in Dodging
   276 | D:1      | Reached XP level 2. HP: 25/25 MP: 2/2
   338 | D:1      | Reached skill level 3 in Fighting
  1040 | D:1      | Reached XP level 3. HP: 32/33 MP: 3/3
  1071 | D:1      | Identified a scroll of acquirement
  1071 | D:1      | Acquired a manual of Transmutations
  1435 | D:2      | Reached skill level 4 in Fighting
  2325 | D:3      | Found a broken altar of Ashenzari.
  2460 | D:3      | Found a sacrificial altar of Ru.
  2477 | D:3      | Reached skill level 1 in Shapeshifting
  2477 | D:3      | Reached XP level 4. HP: 30/41 MP: 4/4
  2784 | D:3      | Found a sparkling altar of Nemelex Xobeh.
  2788 | D:3      | Found a glowing silver altar of Zin.
  3073 | D:3      | HP: 2/41 [jelly (2)]
  3073 | D:3      | Splashed by a jelly's acid

Illustrated notes

Levels and vault maps discovered:
D:1:      ncdulo_wetmaze, layout_basic, minmay_quantized
D:2:      layout_rooms, nicolae_eternal_life
D:3:      layout_loops_ring, mainiacjoe_overflow_brackets,
          mainiacjoe_overflow_chevrons,
          chequers_temple_overflow_statue_of_worship,
          nicolae_uskayaw_murder_on_the_dancefloor, serial_shops,
          nicolae_shop_window_shopping

Skill      XL: |  1  2  3  4 |
---------------+-------------+-----
Dodging        | 1 |  1.0
Fighting       | 3 4 |  4.3
Shapeshifting  | 1 2 |  2.0
Short Blades   | |  2.0
Throwing       | |  1.8
Stealth        | |  3.6

Action                     |  1- 3 |  4- 6 || total
---------------------------+-------+-------++-------
  Melee: Dagger            |    70 |       ||    70
         Tailslap          |    15 |     5 ||    20
         Punch             |     1 |       ||     1
         Short sword       |    37 |    47 ||    84
    Use: Scroll            |     3 |       ||     3
         Potion            |       |     1 ||     1
   Stab: Sleeping          |    10 |     1 ||    11
 Armour: Skin              |    35 |    36 ||    71
  Dodge: Dodged            |    63 |    30 ||    93

Table legend: (Time is in decaauts)
 A = Elapsed time spent in this place.
 B = Non-inter-level travel time spent in this place.
 C = Inter-level travel time spent in this place.
 D = Time resting spent in this place.
 E = Time spent auto-exploring this place.
 F = Levels seen in this place.
 G = Mean time per level.
                   A        B        C        D        E       F      G
               +--------+--------+--------+--------+--------+-----+--------+
         Total |   3048 |   2934 |    114 |    248 |   2204 |   3 | 1016.0 |
       Dungeon |   3048 |   2934 |    114 |    248 |   2204 |   3 | 1016.0 |
               +--------+--------+--------+--------+--------+-----+--------+

Top non-repeatable levels by time:
     D:1: 1538 daAuts
     D:2: 758 daAuts
     D:3: 751 daAuts
